3L
HOUSTON 1837 BBC @ ECHO PARK LAKERS
09/14/2038
 
TOP OF THE 1ST
Houston 1837 BBC batting - Pitching for Echo Park Lakers : RHP Wop Baars
Pitching: RHP Wop Baars
Batting: LHB Mike Houston 0-0: Ball
1-0: Ground out 1-3 (Groundball, 15S, EV 64.4 MPH)
Batting: LHB Seung-soo Ch'ae 0-0: Swinging Strike
0-1: Foul Ball, location: 2F
0-2: Fly out, F6 (Line Drive, 6, EV 65.0 MPH)
Batting: LHB Javier Seco 0-0: Ball
1-0: Ball
2-0: Ball
3-0: SINGLE (Groundball, 6MD, EV 103.1 MPH)
Batting: RHB Krystof Melichar 0-0: Ball
1-0: Called Strike
1-1: Fly out, F4 (Line Drive, 4, EV 65.0 MPH)
Top of the 1st over - 0 runs, 1 hit, 0 errors, 1 left on base; Houston 0 - Echo Park 0
BOTTOM OF THE 1ST
Echo Park Lakers batting - Pitching for Houston 1837 BBC : RHP Ean Somoza
Pitching: RHP Ean Somoza
Batting: LHB Wu-shun Chu 0-0: Ball
1-0: Ball
2-0: Swinging Strike
2-1: Swinging Strike
2-2: Ball
3-2: Base on Balls
Batting: LHB Rich Watkins 0-0: Ball
1-0: Fly out, F7 (Flyball, 7D, EV 96.2 MPH)
Batting: RHB Mario Castillo 0-0: Ball
1-0: Foul Ball, location: 2F
1-1: Called Strike
1-2: Ball
2-2: Ball
3-2: Strikes out swinging
Wu-shun Chu is caught stealing 2nd base 2-4
Batter strikes out.
Bottom of the 1st over - 0 runs, 0 hits, 0 errors, 0 left on base; Houston 0 - Echo Park 0
TOP OF THE 2ND
Houston 1837 BBC batting - Pitching for Echo Park Lakers : RHP Wop Baars
Batting: RHB Phil Sherman 0-0: DOUBLE (Flyball, 89XD, EV 105.0 MPH)
Batting: LHB Ramiro Palmeiro 0-0: Ball
1-0: Ball
2-0: Foul Ball, location: 2F
2-1: Called Strike
2-2: Strikes out swinging
Batting: RHB Adam Smith 0-0: Ball
1-0: Foul Ball, location: 2F
1-1: Ball
2-1: Ball
Wild Pitch!
Phil Sherman to third
3-1: Base on Balls
Batting: SHB José Pinto 0-0: Ball
1-0: Called Strike
Adam Smith is caught stealing 2nd base 2-6
1-1: Ball
2-1: Ball
3-1: Base on Balls
Batting: LHB Connor Petty 0-0: Called Strike
0-1: Ball
1-1: Reached on error, E6 (Groundball, 6, EV 109.4 MPH)
Phil Sherman scores
José Pinto to second
Batting: LHB Mike Houston 0-0: Fly out, F9 (Flyball, 9, EV 86.9 MPH)
Top of the 2nd over - 1 run, 1 hit, 1 error, 2 left on base; Houston 1 - Echo Park 0
BOTTOM OF THE 2ND
Echo Park Lakers batting - Pitching for Houston 1837 BBC : RHP Ean Somoza
Batting: LHB Tomás Muinos 0-0: Called Strike
0-1: Foul Ball, location: 2F
0-2: Strikes out swinging
Batting: RHB Ryoma Yamamoto 0-0: Ground out 1-3 (Groundball, 13, EV 82.5 MPH)
Batting: RHB Komotay Koffie 0-0: DOUBLE (Line Drive, 8LXD, EV 105.6 MPH)
Batting: RHB Angeddy Almanzar 0-0: Foul Ball, location: 2F
0-1: Swinging Strike
0-2: Strikes out looking
Bottom of the 2nd over - 0 runs, 1 hit, 0 errors, 1 left on base; Houston 1 - Echo Park 0
TOP OF THE 3RD
Houston 1837 BBC batting - Pitching for Echo Park Lakers : RHP Wop Baars
Batting: LHB Seung-soo Ch'ae 0-0: Called Strike
0-1: DOUBLE (Line Drive, 9LS, EV 91.9 MPH)
Batting: LHB Javier Seco 0-0: Called Strike
0-1: Foul Ball, location: 2F
0-2: Foul Ball, location: 2F
0-2: Ball
1-2: Ball
2-2: Ball
3-2: Fly out, F7 (Flyball, 7, EV 89.4 MPH)
Batting: RHB Krystof Melichar 0-0: Called Strike
0-1: Called Strike
Seung-soo Ch'ae steals 3rd base
0-2: Foul Ball, location: 2F
0-2: Foul Ball, location: 2F
0-2: Fly out, F9 (Flyball, 9, EV 90.0 MPH)
Runner from 3rd tags up, SCORES, throw by RF
Batting: RHB Phil Sherman 0-0: Called Strike
0-1: Reached on error, E5 (Groundball, 56, EV 76.9 MPH)
Batting: LHB Ramiro Palmeiro 0-0: Foul Ball, location: 2F
0-1: Foul Ball, location: 2F
0-2: Strikes out swinging
Top of the 3rd over - 1 run, 1 hit, 1 error, 1 left on base; Houston 2 - Echo Park 0
BOTTOM OF THE 3RD
Echo Park Lakers batting - Pitching for Houston 1837 BBC : RHP Ean Somoza
Batting: RHB Phil Gillespie 0-0: Foul Ball, location: 2F
0-1: Ball
1-1: Ground out 6-3 (Groundball, 6, EV 105.0 MPH)
Batting: RHB Carlos Hernández 0-0: DOUBLE (Line Drive, 9LS, EV 98.8 MPH)
Batting: LHB Wu-shun Chu 0-0: Ball
1-0: Single, Error in OF, E9, batter to second base (Line Drive, 89S, EV 107.5 MPH)
Carlos Hernández scores
Batting: LHB Rich Watkins 0-0: Foul Ball, location: 2F
0-1: Ball
1-1: Ball
Wu-shun Chu is caught stealing 3rd base 2-5
2-1: Fly out, F8 (Flyball, 8LD, EV 95.6 MPH)
Bottom of the 3rd over - 1 run, 2 hits, 1 error, 0 left on base; Houston 2 - Echo Park 1
TOP OF THE 4TH
Houston 1837 BBC batting - Pitching for Echo Park Lakers : RHP Wop Baars
Batting: RHB Adam Smith 0-0: Called Strike
0-1: SINGLE (Line Drive, 78S, EV 98.8 MPH)
Batting: SHB José Pinto 0-0: Ball
1-0: Foul Ball, location: 2F
1-1: Swinging Strike
1-2: Foul Ball, location: 2F
1-2: Strikes out swinging
Batting: LHB Connor Petty 0-0: Ball
1-0: Ball
2-0: Called Strike
2-1: Ball
3-1: SINGLE (Line Drive, 89S, EV 85.6 MPH)
Adam Smith to second
Runner from 2nd tries for 3rd, OUT! 9-5
Batting: LHB Mike Houston 0-0: Ball
1-0: Called Strike
1-1: Ball
2-1: Fly out, F8 (Line Drive, 8LD, EV 85.6 MPH)
Top of the 4th over - 0 runs, 2 hits, 0 errors, 1 left on base; Houston 2 - Echo Park 1
BOTTOM OF THE 4TH
Echo Park Lakers batting - Pitching for Houston 1837 BBC : RHP Ean Somoza
Batting: RHB Mario Castillo 0-0: Foul Ball, location: 2F
0-1: Called Strike
0-2: Foul Ball, location: 2F
0-2: DOUBLE (Line Drive, 9LM, EV 109.4 MPH)
Batting: LHB Tomás Muinos 0-0: Ground out 6-3 (Groundball, 6, EV 109.4 MPH)
Batting: RHB Ryoma Yamamoto 0-0: Swinging Strike
0-1: Fly out, F9 (Line Drive, 9, EV 87.5 MPH)
Batting: RHB Komotay Koffie 0-0: Called Strike
0-1: Called Strike
0-2: Ball
1-2: Ball
2-2: Fly out, F7 (Flyball, 7D, EV 89.4 MPH)
Bottom of the 4th over - 0 runs, 1 hit, 0 errors, 1 left on base; Houston 2 - Echo Park 1
TOP OF THE 5TH
Houston 1837 BBC batting - Pitching for Echo Park Lakers : RHP Wop Baars
Batting: LHB Seung-soo Ch'ae 0-0: Ball
1-0: Ball
2-0: Foul Ball, location: 2F
2-1: Ball
3-1: Called Strike
3-2: Base on Balls
Batting: LHB Javier Seco 0-0: Ball
Seung-soo Ch'ae is caught stealing 2nd base 2-6
1-0: Foul Ball, location: 2F
1-1: Ball
2-1: Ball
3-1: Swinging Strike
3-2: Fly out, F6 (Popup, P, EV 83.1 MPH)
Batting: RHB Krystof Melichar 0-0: Called Strike
0-1: Fly out, F7 (Flyball, 7, EV 82.5 MPH)
Top of the 5th over - 0 runs, 0 hits, 0 errors, 0 left on base; Houston 2 - Echo Park 1
BOTTOM OF THE 5TH
Echo Park Lakers batting - Pitching for Houston 1837 BBC : RHP Ean Somoza
Batting: RHB Angeddy Almanzar 0-0: Fly out, F8 (Flyball, 8LS, EV 86.9 MPH)
Batting: RHB Phil Gillespie 0-0: Ball
1-0: Swinging Strike
1-1: SINGLE (Groundball, 6MD, EV 95.6 MPH)
Batting: RHB Carlos Hernández 0-0: Ball
1-0: Ball
2-0: Foul Ball, location: 2F
2-1: Ball
3-1: Called Strike
3-2: Base on Balls
Phil Gillespie to second
Batting: LHB Wu-shun Chu 0-0: Called Strike
0-1: Ball
1-1: TRIPLE (Flyball, 9D, EV 100.6 MPH)
Phil Gillespie scores
Carlos Hernández scores
Batting: LHB Rich Watkins 0-0: Swinging Strike
0-1: Ball
1-1: Foul Ball, location: 2F
1-2: Ball
2-2: Ball
3-2: Ground out 1-3 (Groundball, 34S, EV 85.6 MPH)
Batting: RHB Mario Castillo 0-0: Called Strike
0-1: Foul Ball, location: 2F
0-2: Strikes out swinging
Bottom of the 5th over - 2 runs, 2 hits, 0 errors, 1 left on base; Houston 2 - Echo Park 3
TOP OF THE 6TH
Houston 1837 BBC batting - Pitching for Echo Park Lakers : RHP Wop Baars
Batting: RHB Phil Sherman 0-0: Foul Ball, location: 2F
0-1: Ball
1-1: Ball
2-1: Foul Ball, location: 2F
2-2: Ground out 5-3 (Groundball, 56S, EV 68.8 MPH)
Batting: LHB Ramiro Palmeiro 0-0: Fly out, F8 (Flyball, 8RS, EV 85.0 MPH)
Batting: RHB Adam Smith 0-0: Foul Ball, location: 2F
0-1: Ground out 1-3 (Groundball, 13, EV 84.4 MPH)
Top of the 6th over - 0 runs, 0 hits, 0 errors, 0 left on base; Houston 2 - Echo Park 3
BOTTOM OF THE 6TH
Echo Park Lakers batting - Pitching for Houston 1837 BBC : RHP Ean Somoza
Batting: LHB Tomás Muinos 0-0: SINGLE (Groundball, 56D, EV 96.2 MPH)
Batting: RHB Ryoma Yamamoto 0-0: Called Strike
0-1: Ball
1-1: Fielders Choice at 2nd, 6-4 (Groundball, 6, EV 79.4 MPH)
Batting: RHB Komotay Koffie 0-0: Ball
1-0: DOUBLE (Flyball, 9LD, EV 112.5 MPH)
Ryoma Yamamoto to third
Batting: RHB Angeddy Almanzar 0-0: Ball
1-0: Ball
2-0: Ball
3-0: Called Strike
3-1: Base on Balls
Batting: RHB Phil Gillespie 0-0: Swinging Strike
0-1: Ball
1-1: Fly out, F9 (Flyball, 9LSF, EV 92.5 MPH)
Runner from 3rd tags up, SCORES, no throw by RF
Batting: RHB Carlos Hernández 0-0: Called Strike
0-1: Ball
1-1: Foul Ball, location: 2F
1-2: Ball
2-2: Strikes out swinging
Bottom of the 6th over - 1 run, 2 hits, 0 errors, 2 left on base; Houston 2 - Echo Park 4
TOP OF THE 7TH
Houston 1837 BBC batting - Pitching for Echo Park Lakers : RHP Wop Baars
Batting: SHB José Pinto 0-0: Called Strike
0-1: Ball
1-1: Ball
2-1: Called Strike
2-2: Ball
3-2: Foul Ball, location: 2F
3-2: Foul Ball, location: 2F
3-2: Base on Balls
Batting: LHB Connor Petty 0-0: Ball
1-0: Fielders Choice at 2nd, 1-6 (Groundball, P, EV 65.6 MPH)
Batting: LHB Mike Houston 0-0: Ground out 6-3 (Groundball, 6MS, EV 81.9 MPH)
Connor Petty to second
Batting: LHB Seung-soo Ch'ae 0-0: Ball
1-0: Ball
2-0: Swinging Strike
2-1: Foul Ball, location: 2F
2-2: Strikes out swinging
Top of the 7th over - 0 runs, 0 hits, 0 errors, 1 left on base; Houston 2 - Echo Park 4
BOTTOM OF THE 7TH
Echo Park Lakers batting - Pitching for Houston 1837 BBC : RHP Ean Somoza
Batting: LHB Wu-shun Chu 0-0: Called Strike
0-1: Ball
1-1: Ball
2-1: Ground out 4-3 (Groundball, 4, EV 89.4 MPH)
Batting: LHB Rich Watkins 0-0: Called Strike
0-1: Ball
1-1: Foul Ball, location: 2F
1-2: Ball
2-2: Fly out, F9 (Line Drive, 9, EV 98.1 MPH)
Batting: RHB Mario Castillo 0-0: Ball
1-0: Ball
2-0: Called Strike
2-1: Ball
3-1: Foul Ball, location: 2F
3-2: Base on Balls
Pitching: LHP Alexis Zambaco
Batting: LHB Tomás Muinos 0-0: Ball
1-0: Foul Ball, location: 2F
1-1: Foul Ball, location: 2F
1-2: Foul Ball, location: 2F
1-2: Ball
2-2: Foul Ball, location: 2F
2-2: Ground out 4-3 (Groundball, 4, EV 95.6 MPH)
Bottom of the 7th over - 0 runs, 0 hits, 0 errors, 1 left on base; Houston 2 - Echo Park 4
TOP OF THE 8TH
Houston 1837 BBC batting - Pitching for Echo Park Lakers : RHP Wop Baars
Batting: LHB Javier Seco 0-0: Called Strike
0-1: Ground out 3-1 (Groundball, 3S, EV 70.0 MPH)
Batting: RHB Krystof Melichar 0-0: Ball
1-0: Fly out, F7 (Flyball, 7D, EV 88.1 MPH)
Batting: RHB Phil Sherman 0-0: Ball
1-0: Ball
2-0: Foul Ball, location: 2F
2-1: Swinging Strike
2-2: Strikes out looking
Top of the 8th over - 0 runs, 0 hits, 0 errors, 0 left on base; Houston 2 - Echo Park 4
BOTTOM OF THE 8TH
Echo Park Lakers batting - Pitching for Houston 1837 BBC : LHP Alexis Zambaco
Batting: RHB Ryoma Yamamoto 0-0: Fly out, F7 (Flyball, 7, EV 68.1 MPH)
Batting: RHB Komotay Koffie 0-0: Called Strike
0-1: Called Strike
0-2: Ball
1-2: Fly out, F7 (Flyball, 7, EV 91.9 MPH)
Batting: RHB Angeddy Almanzar 0-0: Ball
1-0: SINGLE (Groundball, 4MD, EV 105.6 MPH)
Batting: RHB Phil Gillespie 0-0: Ball
1-0: Called Strike
1-1: Called Strike
1-2: Fielders Choice at 2nd, 5-4 (Groundball, 56, EV 107.5 MPH)
Bottom of the 8th over - 0 runs, 1 hit, 0 errors, 1 left on base; Houston 2 - Echo Park 4
TOP OF THE 9TH
Houston 1837 BBC batting - Pitching for Echo Park Lakers : RHP Wop Baars
Pitching: RHP Corbin Holling
Now at 3B: Freddy Torres
Batting: LHB Ramiro Palmeiro 0-0: Ball
1-0: Called Strike
1-1: Swinging Strike
1-2: Ball
2-2: Fly out, F7 (Flyball, 7S, EV 83.8 MPH)
Batting: RHB Adam Smith 0-0: Ground out 5-3 (Groundball, 56S, EV 85.6 MPH)
Batting: SHB José Pinto 0-0: Called Strike
0-1: Foul Ball, location: 2F
0-2: Foul Ball, location: 2F
0-2: Strikes out swinging
Top of the 9th over - 0 runs, 0 hits, 0 errors, 0 left on base; Houston 2 - Echo Park 4
Friday, April 17th, 2020 - OOTP Baseball 20.8 Build 74